 Dungeon Crawl Stone Soup version 0.20.1-1-g8b1a95d (webtiles) character file.

1170 Monsterracer the Gouger (level 8, 36/36 HPs)
             Began as a Felid Transmuter on Sept 10, 2017.
             Was a Priest of Dithmenos.
             Quit the game on level 7 of the Dungeon.
             The game lasted 00:22:05 (11937 turns).

Monsterracer the Gouger (Felid Transmuter)         Turns: 11937, Time: 00:22:06

Health: 36/36      AC:  2    Str:  6    XL:     8   Next: 17%
Magic:  12/12      EV: 21    Int: 18    God:    Dithmenos [***...]
Gold:   337        SH:  0    Dex: 16    Spells: 3/12 levels left
                                        Lives:  0   Deaths: 2

rFire    . . .     SeeInvis +     - Unarmed
rCold    . . .     Gourm    .   (shield unavailable)
rNeg     . . .     Faith    +   (armour unavailable)
rPois    .         Spirit   .   (helmet unavailable)
rElec    .         Reflect  .   (cloak unavailable)
rCorr    .         Harm     .   (gloves unavailable)
MR       +....                  (boots unavailable)
Stlth    +++++.....             f - amulet of faith
Regen    0.2/turn               s - ring of flight
MPRegen  0.2/turn               (no ring)

@: wreathed by umbra, quick
A: no armour, no weapons or thrown items, stealth, claws 1, fangs 3, see
invisible, carnivore 3, speed 1, shaggy fur 2, slow metabolism 1, sharp paws
a: Shadow Step, Renounce Religion, Evoke Flight


You were on level 7 of the Dungeon.
You worshipped Dithmenos.
Dithmenos was most pleased with you.
You were not hungry.

You visited 1 branch of the dungeon, and saw 7 of its levels.

You collected 337 gold pieces.

Inventory:

Missiles
 a - 20 arrows
Jewellery
 f - an amulet of faith (around neck)
 s - a ring of flight (left paw)
Wands
 k - a wand of lightning (14/15)
 q - a wand of scattershot (1/9)
 t - a wand of digging (18/24)
 v - a wand of iceblast (7/15)
Scrolls
 d - 4 scrolls of remove curse
 e - 3 scrolls of identify
 g - 2 scrolls of blinking
 l - 3 scrolls of teleportation
 p - a scroll of magic mapping
Potions
 b - a potion of haste
 h - a potion of might
 m - 2 potions of curing
 n - a potion of brilliance
 o - 2 potions of heal wounds
 r - a potion of magic
Books
 i - a book of Transfigurations

   Spells                             Type                      Level
   a - Irradiate                      Conjuration/Transmutation    5
   b - Statue Form                    Transmutation/Earth          6
   c - Hydra Form                     Transmutation                6
   d - Dragon Form                    Transmutation                7
Comestibles
 c - 3 meat rations
 j - a royal jelly


   Skills:
 + Level 4.3 Fighting
 + Level 5.6 Dodging
 + Level 5.3 Stealth
 * Level 8.2 Unarmed Combat
 + Level 2.5 Spellcasting
 + Level 7.2 Transmutations
 - Level 3.0 Ice Magic
 + Level 1.6 Invocations


You had 3 spell levels left.
You knew the following spells:

 Your Spells              Type           Power        Failure   Level  Hunger
a - Ice Form              Ice/Tmut       ###.....     21%         4    #####..
b - Sticks to Snakes      Tmut           ####....     1%          2    ##.....
c - Spider Form           Tmut/Pois      ###.......   12%         3    ###....


Dungeon Overview and Level Annotations

Branches:
Dungeon (7/15)             Temple (0/1) D:6

Altars:
Dithmenos
Kikubaaqudgha
Makhleb
The Shining One


Innate Abilities, Weirdness & Mutations

You cannot wear armour.
You are incapable of wielding weapons or throwing items.
Your paws allow you to move quietly. (Stealth)
You have sharp claws.
You have razor-sharp teeth.
You have supernaturally acute eyesight. (SInv)
You are carnivorous and can eat meat at any time.
You cover ground quickly.
You are covered in thick fur. (AC +2)
You have a slow metabolism.
Your sharp claws are effective at attacking unaware monsters.


Message History

You kill the killer bee!
Dithmenos accepts your kill.
The troll misses you. x2; The troll claws you.
Damage: -11%(-5hp) hp: 59%(27hp)
You punch the troll! You freeze the troll.
The troll is moderately wounded.
The troll bites you!
* * * LOW HITPOINT WARNING * * *
The troll claws you.
* * * LOW HITPOINT WARNING * * *
The troll barely misses you.
Huge Dmg: -43%(-20hp) hp: 16%(7hp)
The troll bites you!
You die...
Your shape twists and changes as you die.
The troll claws you. The troll completely misses you.
You are now level 8!
You warm up again.
You rejoin the land of the living...
Are you sure you want to abandon this character and quit the game? (Confirm with "yes".)

#############
#####...........#
#......../####.##
#.@.......##.#.###
#.........+......#
#########.........##.#.####
#.....>.'.........'........
#.####.##.........##.......
#.####'##..<......##.%.....
#................(##.......
#.........###'######.(.....
#.........'...# ##..)....


There were no monsters in sight!

Vanquished Creatures
  Grinder (D:6)
  Eustachio (D:6)
  Menkaure (D:5)
  2 orc warriors (D:6)
  An ice beast (D:5)
  2 sky beasts
  An ogre (D:4)
  A centaur (D:5)
  4 bullfrogs
  2 scorpions
  5 killer bees
  4 wights (D:6)
  A howler monkey (D:4)
  2 crimson imps
  4 hounds
  6 orc priests
  A jelly (D:7)
  3 orc wizards (D:6)
  An iguana (D:6)
  6 worker ants
  A howler monkey zombie (D:5)
  9 adders
  2 shadow imps (D:7)
  An ooze (D:1)
  An adder zombie (D:7)
  3 worms
  A dart slug (D:2)
  7 leopard geckos
  22 orcs
  3 giant cockroaches
  10 goblins
  12 hobgoblins
  5 jackals
  5 quokkas
  4 ball pythons
  7 bats
  7 frilled lizards
  8 kobolds
  A leopard gecko skeleton (D:5)
  A leopard gecko zombie (D:7)
  A quokka skeleton (D:4)
  11 rats
171 creatures vanquished.

Vanquished Creatures (collateral kills)
  An adder (D:2)
1 creature vanquished.

Grand Total: 172 creatures vanquished

Notes
Turn   | Place    | Note
-------+----------+-------------------------------------------
     0 | D:1      | Monsterracer the Felid Transmuter began the quest for the Orb.
     0 | D:1      | Reached XP level 1. HP: 9/9 MP: 4/4
   281 | D:1      | Reached XP level 2. HP: 12/12 MP: 4/6
   285 | D:1      | Learned a level 2 spell: Sticks to Snakes
  1082 | D:1      | HP: 4/12 [worker ant (7)]
  1097 | D:1      | HP: 6/12 [poisoned by a worker ant]
  1106 | D:1      | HP: 5/12 [poisoned by a worker ant]
  1111 | D:1      | HP: 4/12 [poisoned by a worker ant]
  1116 | D:1      | HP: 3/12 [poisoned by a worker ant]
  1371 | D:2      | Reached XP level 3. HP: 15/15 MP: 7/7
  1376 | D:2      | Learned a level 3 spell: Spider Form
  1917 | D:2      | HP: 6/15 [goblin/uncursed dagger (2)]
  2682 | D:2      | Reached skill level 4 in Unarmed Combat
  2879 | D:2      | Found a burning altar of Makhleb.
  2887 | D:2      | Reached XP level 4. HP: 19/19 MP: 4/8
  4045 | D:3      | Found a shadowy altar of Dithmenos.
  4111 | D:3      | Became a worshipper of Dithmenos the Shadowed
  4164 | D:3      | Reached XP level 5. HP: 15/22 MP: 2/9
  4382 | D:3      | HP: 11/22 [poisoned by an adder]
  4428 | D:3      | HP: 10/22 [orc priest/nerve-wracking pain (12)]
  4457 | D:3      | HP: 10/22 [bat (1)]
  4462 | D:3      | HP: 9/22 [bat (1)]
  4821 | D:3      | Reached skill level 1 in Stealth
  4975 | D:3      | Reached skill level 5 in Unarmed Combat
  5162 | D:4      | Found an ancient bone altar of Kikubaaqudgha.
  5163 | D:4      | Found a glowing golden altar of the Shining One.
  5210 | D:4      | HP: 7/22 [worm (7)]
  5218 | D:4      | Gained mutation: You are covered in thick fur. (AC +2) [Felid growth]
  5218 | D:4      | Reached XP level 6. HP: 9/25 MP: 1/10
  5933 | D:4      | Reached skill level 5 in Transmutations
  6474 | D:5      | Entered Level 5 of the Dungeon
  6513 | D:5      | Learned a level 4 spell: Ice Form
  6528 | D:5      | Noticed Menkaure
  6554 | D:5      | HP: 13/26 [??? (10)]
  6566 | D:4      | HP: 11/26 [quokka (3)]
  6568 | D:4      | Reached * piety under Dithmenos
  7105 | D:5      | HP: 10/31 [??? (8)]
  7108 | D:5      | Killed Menkaure
  7108 | D:5      | Reached XP level 7. HP: 12/30 MP: 7/11
  7715 | D:5      | Reached skill level 1 in Ice Magic
  7716 | D:5      | HP: 13/30 [ice beast (5)]
  7755 | D:5      | HP: 14/36 [ice beast (5)]
  7760 | D:5      | Reached skill level 6 in Unarmed Combat
  8098 | D:5      | HP: 11/30 [sky beast (6)]
  8381 | D:5      | HP: 12/30 [centaur (10)]
  8385 | D:5      | HP: 1/30 [centaur (9)]
  8385 | D:5      | Slain by a centaur
  8386 | D:5      | Reached XP level 6. HP: -3/27 MP: 1/10
  8387 | D:5      | Reached XP level 7. HP: 30/30 MP: 11/11
  8556 | D:5      | HP: 13/30 [orc/flail (9)]
  9327 | D:6      | Reached ** piety under Dithmenos
  9330 | D:6      | HP: 18/37 [orc/flail (8)]
  9336 | D:6      | HP: 14/37 [orc/falchion (4)]
  9616 | D:6      | Reached skill level 7 in Unarmed Combat
  9616 | D:6      | Reached XP level 8. HP: 34/34 MP: 9/12
  9676 | D:6      | Found a staircase to the Ecumenical Temple.
  9980 | D:6      | Noticed Grinder
  9992 | D:6      | Killed Grinder
  9999 | D:6      | Noticed Eustachio
 10000 | D:6      | Reached skill level 5 in Dodging
 10129 | D:6      | HP: 18/43 [Eustachio/falchion of holy wrath (6)]
 10131 | D:6      | HP: 8/43 [shadow imp/nerve-wracking pain[Eustachio] (9)]
 10190 | D:5      | Reached skill level 1 in Invocations
 10192 | D:5      | HP: 11/43 [scorpion (5)]
 10427 | D:6      | Killed Eustachio
 10872 | D:7      | Reached skill level 5 in Stealth
 11006 | D:7      | HP: 19/43 [killer bee (4)]
 11012 | D:7      | HP: 15/43 [poisoned by a killer bee]
 11019 | D:7      | HP: 13/43 [poisoned by a killer bee]
 11026 | D:7      | HP: 12/43 [poisoned by a killer bee]
 11034 | D:7      | HP: 11/43 [poisoned by a killer bee]
 11130 | D:7      | HP: 18/43 [killer bee (6)]
 11139 | D:7      | Noticed a troll
 11142 | D:7      | HP: 14/43 [killer bee (6)]
 11152 | D:6      | Reached XP level 9. HP: 16/39 MP: 7/13
 11152 | D:6      | HP: 13/46 [killer bee (3)]
 11154 | D:6      | HP: 5/46 [killer bee (7)]
 11159 | D:6      | Reached skill level 8 in Unarmed Combat
 11452 | D:7      | HP: 21/46 [troll (19)]
 11686 | D:7      | Reached *** piety under Dithmenos
 11692 | D:7      | HP: 22/46 [acid (3)]
 11928 | D:7      | HP: 13/46 [troll (14)]
 11936 | D:7      | Slain by a troll
 11937 | D:7      | Reached XP level 8. HP: -1/43 MP: 11/12
 11937 | D:7      | Quit the game

Skill      XL: |  1  2  3  4  5  6  7  8  9 |
---------------+----------------------------+-----
Transmutations | 3 4 5 6 7 |  7.2
Unarmed Combat | 4 5 7 8 |  8.2
Dodging        | 3 4 5 |  5.6
Stealth        | 1 2 3 5 |  5.3
Fighting       | 2 3 4 |  4.3
Ice Magic      | 2 3 |  3.0
Invocations    | 1 |  1.6
Spellcasting   | |  2.5

Action                   |  1- 3 |  4- 6 |  7- 9 || total
-------------------------+-------+-------+-------++-------
Melee: Unarmed           |   121 |   167 |   269 ||   557
       Headbutt          |    12 |     6 |       ||    18
       Bite              |     8 |     4 |     3 ||    15
       Punch             |     1 |       |       ||     1
 Cast: Beastly Appendage |    21 |     7 |       ||    28
       Sticks to Snakes  |     2 |     3 |       ||     5
       Spider Form       |     2 |    12 |    12 ||    26
       Ice Form          |       |     2 |    15 ||    17
 Abil: End Transformatio |       |       |     1 ||     1
  Use: Potion            |     1 |     2 |     1 ||     4
       Scroll            |     1 |     9 |     6 ||    16
 Stab: Sleeping          |     5 |     5 |     8 ||    18
  Eat: Chunk             |    12 |    10 |    23 ||    45
Armor: Skin              |     8 |    19 |    42 ||    69
Dodge: Dodged            |   117 |   156 |   233 ||   506
